 Dungeon Crawl Stone Soup version 0.29.1-1-gd02db6906a (webtiles) character file.

Game seed: 7300764874135824129

1368 oldmanjim the Magician (level 8, -3/57 HPs)
             Began as a Djinni Fire Elementalist on Sept 29, 2022.
             Was a Believer of Okawaru.
             Slain by a killer bee (6 damage)
             ... on level 7 of the Dungeon on Sept 30, 2022.
             The game lasted 00:48:00 (9060 turns).

oldmanjim the Magician (Djinni Fire Elementalist)   Turns: 9060, Time: 00:48:00

Health: -3/57      AC:  4    Str:  7    XL:     8   Next: 97%
Gold:   360        EV: 19    Int: 20    God:    Okawaru [**....] SH:  0 Dex: 13

rFire   + + .      SeeInvis .   a - +1 dagger (protect)
rCold   . . .      Faith    .   (no shield)
rNeg    . . .      Spirit   .   c - +1 robe
rPois   ∞          Reflect  .   (no helmet)
rElec   .          Harm     .   s - scarf {repulsion}
rCorr   .          Rampage  .   r - +0 pair of gloves
Will    .....                   (boots unavailable)
Stlth   +++.......              (no amulet)
HPRegen 0.19/turn               j - +4 ring of evasion
MPRegen 0.00/turn               t - ring of protection from cold

@: heroic, flying, very slightly contaminated, repel missiles
A: sickness immunity, fire resistance 2, cold vulnerability 1, float, innate
caster, HP casting, extra vitality 1
a: Renounce Religion, Heroism


You were on level 7 of the Dungeon.
You worshipped Okawaru.
Okawaru was pleased with you.
You visited 2 branches of the dungeon, and saw 8 of its levels.

You collected 360 gold pieces.

Inventory:

Hand Weapons
 a - a +1 dagger of protection (weapon)
Missiles
 b - 68 stones
 g - 4 javelins
 q - 6 curare-tipped darts (quivered)
 u - 5 boomerangs
 z - 3 poisoned darts
Armour
 c - a +1 robe (worn)
 r - a +0 pair of gloves (worn)
 s - a scarf of repulsion (worn)
Jewellery
 j - a +4 ring of evasion (left hand)
 t - a ring of protection from cold (right hand)
 v - a +4 ring of evasion
Wands
 y - a wand of quicksilver (8)
Scrolls
 h - 2 scrolls of vulnerability
 o - a scroll of brand weapon
 x - a scroll of fog
 A - a scroll of noise {unknown}
 B - a scroll of identify
Potions
 d - 3 potions of curing
 e - a potion of resistance
 f - a potion of degeneration
 i - 3 potions of berserk rage
 k - a potion of lignification
 l - a potion of brilliance {unknown}
 m - a potion of haste {unknown}
 n - a potion of magic {unknown}
 p - 2 potions of flight {unknown}
 w - 2 potions of mutation
 C - a potion of attraction {unknown}


   Skills:
 + Level 3.6(8.6) Fighting
 - Level 3.0(8.0) Dodging
 - Level 1.5(6.5) Stealth
 + Level 6.2 Spellcasting
 + Level 5.4 Invocations


You had one spell level left.
You knew the following spells:

 Your Spells              Type           Power      Damage    Failure   Level
a - Foxfire               Conj/Fire      100%       2x1d9     1%          1
b - Scorch                Fire           62%        2d8       1%          2
c - Conjure Flame         Conj/Fire      31%        6-21      2%          3
d - Inner Flame           Hex/Fire       31%        N/A       2%          3
e - Flame Wave            Conj/Fire      31%        2d9       8%          4
f - Summon Small Mammal   Summ           100%       N/A       1%          1
g - Static Discharge      Conj/Air       31%        3-7/arc   1%          2
h - Passwall              Tmut/Erth      25%        N/A       1%          2
Your spell library was empty.

Dungeon Overview and Level Annotations

Branches:
Dungeon (7/15)             Temple (1/1) D:4

Altars:
Cheibriados
Elyvilon
Makhleb
Nemelex Xobeh
Okawaru
Ru
Trog
Uskayaw
Xom
Yredelemnul
Zin
The Shining One

Shops:
D:6 =


Innate Abilities, Weirdness & Mutations

You are immune to sickness and miasma.
You are immune to poison.
Your flesh is very heat resistant. (rF++)
You are vulnerable to cold. (rC-)
You float through the air rather than walking.
You learn spells naturally, not from books.
Your magical power is your life essence.
You have superior vitality. (+4 MHP)


Message History

Casting: Flame Wave (dangerous; 9% risk of failure)
Press: ? - help, Dir - look around, f - activate A wave of flame ripples out!
The flame wave engulfs the killer bee.
The killer bee is moderately wounded.
The flame wave engulfs the killer bee!
The killer bee is almost dead.
The flame wave engulfs the killer bee.
The killer bee is burned terribly!
The killer bee is almost dead. (Press . to intensify the flame waves.)
You hear a loud, deep croak!
You hear an angry hiss.
The killer bee is no longer more vulnerable to fire.
The killer bee stings you. The killer bee closely misses you. x2
The killer bee stings you!
* * * LOW HITPOINT WARNING * * *
The killer bee stings you.
* * * LOW HITPOINT WARNING * * *
The killer bee completely misses you.
Casting: Flame Wave (dangerous; 9% risk of failure)
Confirm with . or Enter, or press ? or * to list all spells.
Flames lash the killer bee.
You kill the killer bee!
Okawaru accepts your kill.
* * * LOW HITPOINT WARNING * * *
The killer bee stings you.
* * * LOW HITPOINT WARNING * * *
The killer bee stings you but does no damage.
A bullfrog comes into view.
The killer bee stings you but does no damage.
The killer bee misses you. The killer bee barely misses you.
The killer bee closely misses you. The killer bee stings you.
* * * LOW HITPOINT WARNING * * *
The killer bee misses you.
You feel better. The killer bee barely misses you.
The killer bee closely misses you. The killer bee stings you!
* * * LOW HITPOINT WARNING * * *
The killer bee misses you.
You gain the combat prowess of a mighty hero.
The killer bee misses you. The killer bee stings you.
You die...

#..... ....###. .#..... .
...#.. .......
##.....####.....## #.
........#........# ...
#....... ........####.#.
.........#.<.>.yy.#......
.....###.......†@..F......
...........#..............
.....#.....##.............
...###....##..#.......... .
....#.........##.......##.#
#....†....#....#..........#
#...##.........##..........
###............##..........
#.......>....##..........


You could see a bullfrog and 2 killer bees.

Vanquished Creatures
  Eustachio (D:6)
  Edmund (D:6)
  A centaur (D:6)
  A phantom (D:6)
  A kobold brigand (D:6)
  A bullfrog (D:7)
  A killer bee (D:7)
  A howler monkey (D:5)
  3 jellies
  3 hounds
  2 orc priests
  2 iguanas
  4 orc wizards
  10 gnolls
  10 adders
  A shadow imp (D:6)
  2 ufetubi (D:6)
  5 worms
  6 dart slugs
  17 orcs
  3 bats
  7 endoplasms
  3 giant cockroaches
  5 goblins
  8 hobgoblins
  5 jackals
  9 ball pythons
  4 frilled lizards
  16 kobolds
  3 rats
136 creatures vanquished.

Vanquished Creatures (collateral kills)
  A dart slug (D:2)
  A jackal (D:2)
2 creatures vanquished.

Vanquished Creatures (others)
  266 foxfires
266 creatures vanquished.

Grand Total: 404 creatures vanquished

Notes
Turn   | Place    | Note
-------+----------+-------------------------------------------
     0 | D:1      | oldmanjim the Djinni Fire Elementalist began the quest for
                  | the Orb.
     0 | D:1      | oldmanjim set off with the following spells memorised:
                  | Foxfire, Scorch, Conjure Flame, Inner Flame, Flame Wave.
     0 | D:1      | Reached XP level 1. HP: 15/15 MP: 0/0
   214 | D:1      | Reached XP level 2. HP: 19/21 MP: 0/0
   393 | D:1      | Reached skill level 3 in Spellcasting
   821 | D:1      | Reached XP level 3. HP: 24/25 MP: 0/0
   821 | D:1      | Learned a level 1 spell: Summon Small Mammal
  1030 | D:2      | Found a faded altar of an unknown god.
  1446 | D:2      | Reached XP level 4. HP: 29/31 MP: 0/0
  1735 | D:2      | Reached skill level 1 in Fighting
  1788 | D:2      | Reached XP level 5. HP: 19/37 MP: 0/0
  1788 | D:2      | Learned a level 2 spell: Static Discharge
  2159 | D:2      | Reached skill level 4 in Spellcasting
  3414 | D:3      | Reached XP level 6. HP: 39/43 MP: 0/0
  4030 | D:3      | Found a glowing silver altar of Zin.
  4179 | D:3      | Found a hide-covered altar of Uskayaw.
  4198 | D:3      | Found a basalt altar of Yredelemnul.
  4209 | D:3      | Found an iron altar of Okawaru.
  4295 | D:3      | Became a worshipper of Warmaster Okawaru
  4996 | D:4      | Found a staircase to the Ecumenical Temple.
  5007 | Temple   | Entered the Ecumenical Temple
  5218 | D:4      | Found a sparkling altar of Nemelex Xobeh.
  5507 | D:4      | Reached skill level 1 in Invocations
  5777 | D:5      | Entered Level 5 of the Dungeon
  5813 | D:5      | Reached XP level 7. HP: 42/49 MP: 0/0
  5813 | D:5      | Learned a level 2 spell: Passwall
  5880 | D:5      | Reached skill level 5 in Spellcasting
  7052 | D:6      | Reached * piety under Okawaru
  7442 | D:6      | Found Caonygut's Jewellery Shoppe.
  7443 | D:6      | Noticed Eustachio
  7445 | D:6      | Noticed Edmund
  7456 | D:6      | Killed Edmund
  7457 | D:6      | Reached XP level 8. HP: 29/56 MP: 0/0
  7457 | D:6      | Killed Eustachio
  7457 | D:6      | Reached ** piety under Okawaru
  7458 | D:6      | Reached skill level 6 in Spellcasting
  7871 | D:6      | Reached skill level 5 in Invocations
  9060 | D:7      | Slain by a killer bee

Illustrated notes

Levels and vault maps discovered:
D:1:      dpeg_arrival_rooms_b, layout_basic, minmay_misc_feat_x
D:2:      minmay_recursive_quarters, layout_loops_ring,
          chequers_ecumenical_altar_simple_redux, kennysheep_big_empty_room,
          kennysheep_generic_room_2
D:3:      layout_loops_ring, nicolae_overflow_quartered_altars
D:4:      layout_loops_ring, nemelex_spade_bored_becter,
          minmay_temple_entry_stoned_glass
D:5:      layout_basic
D:6:      cheibrodos_thug_alley, layout_loops_cross, serial_shops,
          nicolae_shop_crystal, uniq_edmund, uniq_eustachio
D:7:      layout_cave_pools, hangedman_abyss_or_decor_jellyfish_corner,
          uniq_pikel
Temple:   nicolae_temple_two_arcs

Skill      XL: |  1  2  3  4  5  6  7  8 |
---------------+-------------------------+-----
Spellcasting   | 3 4 5 6 |  6.2
Fighting       | 1 2 3 |  3.6
Invocations    | 1 4 5 |  5.4
Dodging        | 3 |  3.0
Stealth        | |  1.5

Action                   |  1- 3 |  4- 6 |  7- 9 || total
-------------------------+-------+-------+-------++-------
Melee: Dagger            |     1 |     5 |     2 ||     8
Throw: Dart              |       |       |     1 ||     1
 Cast: Foxfire           |    39 |    90 |    46 ||   175
       Scorch            |     4 |    33 |    38 ||    75
       Summon Small Mamm |       |     4 |       ||     4
       Inner Flame       |       |    10 |    16 ||    26
       Conjure Flame     |       |     4 |     9 ||    13
       Static Discharge  |       |     1 |     1 ||     2
       Flame Wave        |       |       |     4 ||     4
Invok: Heroism           |       |       |     1 ||     1
  Use: Scroll            |       |    11 |     4 ||    15
       Potion            |       |       |     1 ||     1
 Stab: Sleeping          |     1 |     2 |       ||     3
Armor: Robe              |     4 |     6 |     9 ||    19
Dodge: Dodged            |     2 |    32 |    52 ||    86
